 Dungeon Crawl Stone Soup version 0.30-a0-137-gd8773701ce (webtiles) character file.

Game seed: 17936075018646950343

582 lunkers the Cudgeller (level 7, -1/61 HPs)
             Began as a Meteoran Fighter on Sept 24, 2022.
             Was a Believer of Nemelex Xobeh.
             Splashed by a jelly's acid (3 damage)
             ... on level 6 of the Dungeon.
             The game lasted 00:04:48 (1134 turns).

lunkers the Cudgeller (Meteoran Fighter)            Turns: 1134, Time: 00:04:49

Health: -1/61      AC:  6    Str: 18    XL:     7   Next: 96%
Magic:  11/11      EV: 13    Int:  9    God:    Nemelex Xobeh [**....]
Gold:   165        SH:  5    Dex: 16    Spells: 6/6 levels left

rFire   + . .      SeeInvis .    a - +0 flail
rCold   . . .      Faith    .    c - +0 buckler
rNeg    . . .      Spirit   .    b - +0 scale mail
rPois   .          Reflect  .    (no helmet)
rElec   .          Harm     .    (no cloak)
rCorr   .          Rampage  .    (no gloves)
Will    .....                    (no boots)
Stlth   ..........               (no amulet)
HPRegen 0.20/turn                u - +4 ring of evasion
MPRegen 0.12/turn                l - ring of protection from fire

@: mighty, lethally poisoned (-1 -> -9), glowing
A: sense surroundings 1, otherworldly, glowing, explore regen
a: Renounce Religion, Draw Escape, Draw Destruction, Draw Summoning


You were on level 6 of the Dungeon.
You worshipped Nemelex Xobeh.
Nemelex Xobeh was pleased with you.
You visited 1 branch of the dungeon, and saw 6 of its levels.

You collected 165 gold pieces.

Inventory:

Hand Weapons
 a - a +0 flail (weapon)
Missiles
 h - 5 boomerangs
 i - 29 stones
Armour
 b - a +0 scale mail (worn)
 c - a +0 buckler (worn)
Magical Staves
 e - a staff of fire
Jewellery
 k - a ring of see invisible
 l - a ring of protection from fire (right hand)
 n - a ring of fire
 p - a +6 ring of strength
 q - a ring of ice
 u - a +4 ring of evasion (left hand)
Scrolls
 g - a scroll of blinking {unknown}
 m - a scroll of brand weapon {unknown}
 o - a scroll of noise {unknown}
 r - a scroll of torment {unknown}
 s - a scroll of poison {unknown}
 t - a scroll of enchant weapon {unknown}
 v - a scroll of fear {unknown}
 w - a scroll of teleportation {unknown}
 x - a scroll of identify {unknown}
Potions
 f - a potion of haste {unknown}
 j - 2 potions of curing {unknown}


   Skills:
 + Level 5.3 Fighting
 * Level 7.7 Maces & Flails
 - Level 3.6 Armour
 - Level 3.6 Shields
 + Level 4.4 Invocations


You had 6 spell levels left.
You didn't know any spells.
Your spell library was empty.

Dungeon Overview and Level Annotations

Branches:
Dungeon (6/15) Zot: 2439
 Temple: D:4-7

Altars:
Nemelex Xobeh
Wu Jian


Innate Abilities, Weirdness & Mutations

You passively map a small area around you.
You are easily found by Zot.
You glow in the dark.
You regain HP and MP as you explore.


Message History

You hit the scorpion but do no damage.
The scorpion is severely wounded.
The scorpion stings you but does no damage.
Unknown command.
You hit the scorpion.
The scorpion is severely wounded.
The scorpion stings you.
* * * LOW HITPOINT WARNING * * *
You closely miss the scorpion.
The scorpion is severely wounded.
The scorpion completely misses you.
The scorpion stings you but does no damage.
Unknown command.
You closely miss the scorpion.
The scorpion is severely wounded.
The scorpion stings you but does no damage.
Unknown command.
You hit the scorpion but do no damage.
The scorpion is severely wounded.
The scorpion closely misses you.
The jelly jiggles.
Unknown command.
You barely miss the scorpion.
The scorpion is severely wounded.
The scorpion stings you but does no damage.
The scorpion misses you.
Unknown command.
You feel very mighty all of a sudden. The scorpion stings you.
* * * LOW HITPOINT WARNING * * *
You are lethally poisoned!
The scorpion poisons you!
Unknown command.
You sock the scorpion!
You kill the scorpion!
* * * LOW HITPOINT WARNING * * *
You feel very sick.
You sock the jelly!
Your hands burn!
You die...
Your body disappears without additional glow.

........................†####
...........>..#..............
........†.....#..#.......#..#
.....<........#.##.......#.##
?.............#.####..##...#
......#..J....#.# #.###.###
......#.#.###.#.# #.##..#
...#.##...###.#.####...)#####
,
.#.#...#...J@................
# ###.#.###..........#######
, * #..........>###.## *
)....###.........# ......
#......####**
#####............. ,, **
#..........#### * ,
..........# ##........#


You could see a jelly.

Vanquished Creatures
  An ice beast (D:5)
  2 scorpions
  A necrophage (D:6)
  A bullfrog zombie (D:4)
  A hound (D:5)
  An orc priest (D:5)
  A jelly (D:6)
  3 iguanas
  An adder (D:6)
  2 white imps
  An ufetubus (D:5)
  An adder zombie (D:4)
  An adder skeleton (D:4)
  3 dart slugs
  5 ball pythons
  4 endoplasms
  2 giant cockroaches
  3 goblins
  A hobgoblin (D:4)
  2 jackals (D:1)
  A quokka (D:1)
  3 bats
  2 frilled lizards
  2 kobolds
  A rat (D:3)
46 creatures vanquished.

Vanquished Creatures (collateral kills)
  An orc wizard (D:5)
  3 orcs (D:5)
4 creatures vanquished.

Grand Total: 50 creatures vanquished

Notes
Turn   | Place    | Note
-------+----------+-------------------------------------------
     0 | D:1      | lunkers the Meteoran Fighter began the quest for the Orb.
     0 | D:1      | Reached XP level 1. HP: 19/19 MP: 2/2
    27 | D:1      | Reached skill level 3 in Maces & Flails
    30 | D:1      | Reached XP level 2. HP: 19/26 MP: 3/3
   303 | D:2      | Found a faded altar of an unknown god.
   309 | D:2      | Prayed at the altar of an unknown god.
   309 | D:2      | Became a worshipper of Nemelex Xobeh the Trickster
   309 | D:2      | Reached * piety under Nemelex Xobeh
   356 | D:2      | Reached XP level 3. HP: 31/31 MP: 4/4
   426 | D:3      | Received a gift from Nemelex Xobeh
   439 | D:3      | Found an ornate altar of the Wu Jian Council.
   545 | D:3      | Reached skill level 4 in Maces & Flails
   669 | D:4      | Reached skill level 1 in Invocations
   669 | D:4      | Reached XP level 4. HP: 33/40 MP: 4/6
   721 | D:5      | Entered Level 5 of the Dungeon
   726 | D:5      | Noticed a scorpion
   737 | D:5      | Killed a scorpion
   738 | D:5      | Reached skill level 5 in Maces & Flails
   738 | D:5      | Reached XP level 5. HP: 12/46 MP: 7/7
   793 | D:5      | Noticed an ice beast
   807 | D:5      | Killed an ice beast
   808 | D:5      | Reached skill level 6 in Maces & Flails
   808 | D:5      | Reached XP level 6. HP: 22/53 MP: 7/9
   814 | D:5      | Reached ** piety under Nemelex Xobeh
   940 | D:5      | Identified the +3 whip of Exoneration {vorpal, *Slow rElec
                  | rPois Int-4}
   949 | D:5      | Reached XP level 7. HP: 24/60 MP: 10/10
  1027 | D:6      | Reached skill level 5 in Fighting
  1027 | D:6      | Reached skill level 7 in Maces & Flails
  1133 | D:6      | HP: 2/61 [poisoned by a scorpion]
  1134 | D:6      | Splashed by a jelly's acid

Illustrated notes

Levels and vault maps discovered:
D:1:      dpeg_arrival_tiny_g, layout_loops_ring,
          chequers_serial_rivers_small_b, minmay_misc_feat_pillars,
          minivault_23, supply_closet_lemuel, bh_walls_and_bars
D:2:      layout_basic, shapermc_ecumenical_altar_acropolis
D:3:      layout_loops_cross, nzn_wu_jian_council_hall, corexii_corridor_pit,
          corner_web_ring
D:4:      layout_rooms, minmay_temple_entry_mini_moons, serial_undead,
          serial_undead_f, serial_undead_a, serial_undead_d, serial_undead_f
D:5:      layout_rooms, minivault_27
D:6:      minmay_diamond_boxcup, layout_rooms

Skill      XL: |  1  2  3  4  5  6  7 |
---------------+----------------------+-----
Maces & Flails | 3 4 5 6 7 |  7.7
Invocations    | 1 2 3 4 |  4.4
Fighting       | 4 5 |  5.3
Armour         | |  3.6
Shields        | |  3.6

Action                   |  1- 3 |  4- 6 |  7- 9 || total
-------------------------+-------+-------+-------++-------
Melee: Flail             |    56 |    60 |    34 ||   150
Throw: Boomerang         |     1 |       |       ||     1
Invok: Draw Destruction  |       |     5 |     2 ||     7
       Draw Summoning    |       |       |     1 ||     1
  Use: Potion            |       |       |     1 ||     1
Armor: Scale mail        |    32 |    34 |    12 ||    78
Dodge: Dodged            |    30 |    28 |    27 ||    85
Block: Buckler           |    16 |    12 |     7 ||    35

Table legend: (Time is in decaauts)
 A = Elapsed time spent in this place.
 B = Non-inter-level travel time spent in this place.
 C = Inter-level travel time spent in this place.
 D = Time resting spent in this place.
 E = Time spent auto-exploring this place.
 F = Levels seen in this place.
 G = Mean time per level.
                   A        B        C        D        E       F      G
               +--------+--------+--------+--------+--------+-----+--------+
         Total |   1160 |   1136 |     24 |      0 |    363 |   6 |  193.3 |
       Dungeon |   1160 |   1136 |     24 |      0 |    363 |   6 |  193.3 |
               +--------+--------+--------+--------+--------+-----+--------+

Top non-repeatable levels by time:
     D:3: 300 daAuts
     D:5: 274 daAuts
     D:1: 239 daAuts
     D:2: 132 daAuts
     D:6: 130 daAuts
     D:4: 82 daAuts
